 Dungeon Crawl Stone Soup version 0.24.1-14-gf8d2b509d9 (webtiles) character file.

Game seed: 5748403599029480288, levelgen mode: deterministic

50 Descartes the Charmwright (level 3, -10/16 HPs)
             Began as a Felid Skald on May 31, 2020.
             Mangled by a worm (11 damage)
             ... on level 3 of the Dungeon.
             The game lasted 00:02:44 (2434 turns).

Descartes the Charmwright (Felid Skald)             Turns: 2434, Time: 00:02:44

Health: -10/16     AC:  1    Str:  8    XL:     3   Next: 55%
Magic:  7/7        EV: 18    Int: 14    God:
Gold:   58         SH:  0    Dex: 15    Spells: 5/6 levels left
                                        Lives:  0   Deaths: 0

rFire    . . .     SeeInvis +     - Unarmed
rCold    . . .     Gourm    .   (shield unavailable)
rNeg     . . .     Faith    .   (armour unavailable)
rPois    .         Spirit   .   (helmet unavailable)
rElec    .         Reflect  .   (cloak unavailable)
rCorr    .         Harm     .   (gloves unavailable)
MR       .....                  (boots unavailable)
Stlth    +++.......             (no amulet)
HPRegen  0.05/turn              j - ring of stealth
MPRegen  0.10/turn              (no ring)

@: quick
A: very small, no armour, no weapons or thrown items, stealth, claws 1, fangs 3,
see invisible, carnivore, speed 1, shaggy fur 1, slow metabolism 1, sharp paws
a: no special abilities


You were on level 3 of the Dungeon.
You were completely stuffed.

You visited 1 branch of the dungeon, and saw 3 of its levels.

You collected 58 gold pieces.

Inventory:

Missiles
 c - 61 stones
Jewellery
 j - a ring of stealth (left paw)
 m - an uncursed ring of flight {unknown}
 q - a cursed amulet of inaccuracy {unknown}
Wands
 l - a wand of paralysis (8)
Scrolls
 d - 3 scrolls of magic mapping {unknown}
 f - a scroll of enchant armour {unknown}
 g - 2 scrolls of identify {unknown}
 i - a scroll of fear {unknown}
 n - 3 scrolls of enchant weapon {unknown}
Potions
 a - 2 potions of might {unknown}
 e - a potion of ambrosia {unknown}
 h - a potion of curing {unknown}
 o - a potion of flight {unknown}
 p - a potion of resistance {unknown}
Comestibles
 b - 2 rations
 k - 5 chunks of flesh


   Skills:
 + Level 2.3 Fighting
 + Level 3.5 Dodging
 * Level 2.1 Stealth
 * Level 2.7 Unarmed Combat
 + Level 2.1 Spellcasting
 + Level 3.9 Charms


You had 5 spell levels left.
You knew the following spells:

 Your Spells              Type           Power        Failure   Level  Hunger
a - Infusion              Chrm           ##..         4%          1    #......

Your spell library contained the following spells:

 Spells                   Type           Power        Failure   Level  Hunger
 Song of Slaying          Chrm           ##......     7%          2    ###....
 Shroud of Golubria       Chrm/Tloc      #.....       16%         2    ###....
 Regeneration             Chrm/Necr      #.........   30%         3    ###....
 Spectral Weapon          Hex/Chrm       Unusable     N/A         3    N/A

Dungeon Overview and Level Annotations

Branches:
Dungeon (3/15)

Altars:


Innate Abilities, Weirdness & Mutations

You cannot wear armour.
You are incapable of wielding weapons or throwing items.
Your paws allow you to move quietly. (Stealth)
You have sharp claws.
You have razor-sharp teeth.
You have supernaturally acute eyesight. (SInv)
You are carnivorous and can eat meat at any time.
You cover ground quickly.
You are covered in fur. (AC +1)
You have a slow metabolism.
Your sharp claws are effective at attacking unaware monsters.


Message History

You see here a jackal corpse.
You claw the jackal!
You kill the jackal!
You see here a jackal corpse.
You butcher the jackal corpse.
k - 5 chunks of flesh (gained 3)
You see here a jackal skeleton.
There is a stone staircase leading down here.
You start resting.
HP restored.
You climb downwards.
The jackal misses you. The worm bites you!
Ouch! That really hurt!
The jackal bites you.
* * * LOW HITPOINT WARNING * * *
There is a stone staircase leading up here.
The jackal bites you.
* * * LOW HITPOINT WARNING * * *
The worm bites you!
Ouch! That really hurt!
You die...

#............
#............
#............
#.rw..#......
#............
#...g..#
+########.###...
.......hwg......+
.#####@#.###...#
#.#.# .. #$#.#
..#.. ..#.#
...#.# ...#.#
....#


You could see a worm, a jackal and a hobgoblin.

Vanquished Creatures
  2 worms (D:2)
  5 dart slugs
  2 giant cockroaches (D:2)
  4 goblins
  5 hobgoblins
  2 jackals (D:2)
  4 kobolds (D:1)
  2 bats (D:1)
  A frilled lizard (D:1)
  7 rats
34 creatures vanquished.

Notes
Turn   | Place    | Note
-------+----------+-------------------------------------------
     0 | D:1      | Descartes the Felid Skald began the quest for the Orb.
     0 | D:1      | Reached XP level 1. HP: 9/9 MP: 4/4
    62 | D:1      | Reached skill level 1 in Stealth
    62 | D:1      | Reached XP level 2. HP: 13/13 MP: 6/6
   921 | D:1      | Reached XP level 3. HP: 16/16 MP: 7/7
  2434 | D:3      | Mangled by a worm

Levels and vault maps discovered:
D:1:      dpeg_arrival_refuge, layout_loops_ring
D:2:      layout_basic
D:3:      layout_basic, uniq_terence, uniq_ijyb

Skill      XL: |  1  2  3 |
---------------+----------+-----
Stealth        | 1 2 |  2.1
Fighting       | |  2.3
Dodging        | |  3.5
Unarmed Combat | |  2.7
Spellcasting   | |  2.1
Charms         | |  3.9

Action                   || total
-------------------------++-------
Melee: Unarmed           ||    99
       Bite              ||     8
       Punch             ||     1
 Stab: Sleeping          ||    11
  Eat: Chunk             ||    10
Armor: Skin              ||     2
Dodge: Dodged            ||    71
